Map: 2000 Atmospheres LE

Players

PashkaRU - Winner!

  • Race: Protoss Protoss
  • League: Master

warcraps

  • Race: Protoss Protoss
  • League: Master

VOD

Have the link to the VOD?

Description

Time

  • Played on: April 14, 2021, 3:35 p.m.
  • Length: 6:24
Show
View Real Time Build Order
Export as new Build Order

PashkaRU Protoss - Winner!

Build Orders:  

Get SALT Encoding   

  12  0:00  Probe  
  13  0:13  Probe  
  14  0:18  Pylon  
  14  0:25  Probe (Chrono Boost)  
  15  0:37  Probe (Chrono Boost)  
  15  0:42  Gateway  
  16  0:46  Probe (Chrono Boost)  
  17  0:51  Assimilator  
  17  0:54  Probe (Chrono Boost)  
  18  0:58  Assimilator  
  18  1:06  Probe (Chrono Boost)  
  19  1:11  Gateway  
  19  1:15  Probe (Chrono Boost)  
  20  1:21  Probe  
  21  1:29  Cybernetics Core  
  21  1:33  Probe  
  21  1:39  Pylon  
  22  1:45  Probe  
  23  2:07  Stalker, Sentry  
  23  2:08  Warp Gate  
  27  2:10  Pylon  
  27  2:16  Robotics Facility  
  27  2:20  Probe  
  28  2:29  Pylon  
  28  2:38  Stalker  
  28  2:44  Sentry  
  32  2:50  Shield Battery  
  32  3:09  Immortal (Chrono Boost)  
  36  3:29  Pylon  
  36  3:34  Nexus  
  37  3:41  Observer (Chrono Boost)  
  37  3:56  Sentry  
  37  3:57  Adept  
  45  4:03  Immortal (Chrono Boost)  
  45  4:15  Pylon  
  45  4:19  Probe  
  46  4:33  Sentry  
  46  4:34  Adept  
  51  4:46  Probe (Chrono Boost)  
  51  4:48  Probe (Chrono Boost)  
  52  4:56  Probe (Chrono Boost)  
  52  4:58  Probe (Chrono Boost)  
  54  5:01  Probe (Chrono Boost)  
  55  5:07  Nexus  
  55  5:08  Probe  
  55  5:10  Pylon  
  55  5:13  Probe  
  57  5:20  Probe  
  58  5:25  Probe  
  57  5:47  Probe x2  
  57  5:57  Twilight Council  
  57  5:59  Probe x2 (Chrono Boost), Forge  
  55  6:10  Probe (Chrono Boost)  
  55  6:11  Probe (Chrono Boost), Assimilator  
  57  6:13  Assimilator  
Show
View Real Time Build Order
Export as new Build Order

warcraps Protoss 

Build Orders: Phoenix Opening 

Get SALT Encoding   

  12  0:00  Probe  
  13  0:12  Probe  
  14  0:17  Pylon  
  14  0:25  Probe  
  15  0:37  Probe (Chrono Boost)  
  15  0:39  Gateway  
  16  0:43  Assimilator  
  16  0:49  Probe (Chrono Boost)  
  17  0:55  Probe (Chrono Boost)  
  18  1:03  Probe  
  19  1:09  Assimilator  
  19  1:15  Probe  
  19  1:16  Gateway  
  20  1:27  Probe  
  20  1:29  Cybernetics Core  
  21  1:39  Probe  
  22  1:45  Pylon  
  22  1:51  Probe  
  23  2:03  Probe  
  23  2:06  Stalker  
  23  2:07  Pylon  
  26  2:10  Stalker  
  26  2:15  Warp Gate  
  28  2:21  Probe  
  29  2:33  Probe, Stargate  
  30  2:42  Stalker  
  32  2:50  Probe  
  33  2:51  Stalker  
  35  2:58  Pylon  
  35  3:12  Probe  
  36  3:16  Stalker  
  38  3:33  Nexus  
  38  3:40  Phoenix  
  40  3:44  Probe  
  41  3:55  Pylon  
  41  3:56  Probe (Chrono Boost)  
  42  4:08  Probe (Chrono Boost)  
  43  4:15  Shield Battery, Pylon  
  43  4:17  Probe (Chrono Boost)  
  44  4:19  Phoenix (Chrono Boost)  
  44  4:22  Probe (Chrono Boost)  
  46  4:28  Sentry  
  49  4:34  Probe (Chrono Boost)  
  50  4:43  Probe (Chrono Boost)  
  50  4:44  Phoenix (Chrono Boost)  
  53  4:47  Probe (Chrono Boost)  
  53  4:49  Probe  
  55  4:58  Probe  
  55  4:59  Phoenix (Chrono Boost)  
  58  5:00  Robotics Facility  
  58  5:01  Probe  
  59  5:07  Zealot  
  59  5:10  Probe  
  59  5:13  Probe  
  63  5:15  Pylon  
  63  5:17  Assimilator  
  63  5:25  Stalker  
  57  5:37  Zealot  
  55  5:45  Phoenix  
  42  5:50  Stalker, Probe  
  42  5:51  Probe  
  37  6:03  Probe x2  
  37  6:04  Stalker  
Tags
 
Add a new tag
Caveats
  • Supply blocks, unpowered buildings, or Contaminate may cause inaccurate times.
  • Supply counts are checked every 10 seconds.